 Dungeon Crawl Stone Soup version 0.29-a0-902-g0f71de6fce (webtiles) character file.

Game seed: 7145437935683024365

787 purpskrrrp the Skirmisher (level 8, 0/58 HPs)
             Began as a Formicid Hunter on July 23, 2022.
             Was an Initiate of Gozag.
             Slain by a phantom (1 damage)
             ... on level 5 of the Dungeon on July 25, 2022.
             The game lasted 00:23:35 (5094 turns).

purpskrrrp the Skirmisher (Formicid Hunter)         Turns: 5094, Time: 00:23:36

Health: 0/58       AC:  1    Str: 16      XL:     8   Next: 11%
Magic:  8/8        EV: 12    Int:  9      God:    Gozag
Gold:   182        SH:  6    Dex: 16 (19) Spells: 7/7 levels left

rFire   + . .      SeeInvis +   a - +2 shortbow
rCold   + . .      Faith    .   j - +2 buckler
rNeg    . . .      Spirit   .   c - +0 leather armour
rPois   +          Reflect  .   (helmet unavailable)
rElec   +          Harm     .   (no cloak)
rCorr   +          Rampage  .   (no gloves)
Will    .....                   (no boots)
Stlth   +++.......              (no amulet)
HPRegen 0.19/turn               (no ring)
MPRegen 0.11/turn               (no ring)

@: resistant, gold aura
A: permanent stasis, dig shafts and tunnels, antennae 3, four strong arms,
deformed body, subdued magic 1
a: Dig, Shaft Self, Renounce Religion, Potion Petition, Call Merchant, Bribe
Branch


You were on level 5 of the Dungeon.
You worshipped Gozag.
Gozag was aware of your devotion.
You visited 2 branches of the dungeon, and saw 6 of its levels.

You collected 253 gold pieces.
You paid 71 gold pieces to Gozag.

Inventory:

Hand Weapons
 a - a +2 shortbow (weapon)
Armour
 c - a +0 leather armour (worn)
 j - a +2 buckler (worn)
Wands
 f - a wand of paralysis (5) (quivered)
 m - a wand of roots (11)
Scrolls
 b - 2 scrolls of immolation
 n - a scroll of magic mapping
Potions
 g - 4 potions of magic
 h - 2 potions of might
 i - a potion of heal wounds {unknown}
 k - a potion of attraction {unknown}
 l - a potion of haste {unknown}


   Skills:
 + Level 3.3 Fighting
 * Level 8.0 Ranged Weapons
 - Level 1.2 Armour
 - Level 2.1 Dodging
 + Level 4.6 Stealth
 + Level 1.2 Shields


You had 7 spell levels left.
You didn't know any spells.
Your spell library contained the following spells:

 Spells                   Type           Power      Damage    Failure   Level
 Call Canine Familiar     Summ           0%         N/A       86%         3
 Ignite Poison            Fire/Tmut/Pois 0%         N/A       86%         3
 Mephitic Cloud           Conj/Pois/Air  0%         N/A       86%         3
 Portal Projectile        Hex/Tloc       0%         N/A       86%         3
 Leda's Liquefaction      Hex/Erth       0%         N/A       99%         4
 Freezing Cloud           Conj/Ice/Air   0%         6-21      100%        5


Dungeon Overview and Level Annotations

Branches:
Dungeon (5/15)             Temple (1/1) D:5

Altars:
Cheibriados
Dithmenos
Fedhas
Gozag
Hepliaklqana
Kikubaaqudgha
Makhleb
Nemelex Xobeh
Okawaru
Qazlal
Sif Muna
Trog
Uskayaw
Vehumet
Wu Jian
Xom
Yredelemnul
Zin
The Shining One

Shops:
D:4 *


Innate Abilities, Weirdness & Mutations

You cannot be hasted, slowed, berserked, paralysed or teleported.
You can dig through walls and to a lower floor.
You have a pair of large antennae on your head. (SInv)
Your four strong arms can wield two-handed weapons with a shield.
Armour fits poorly on your strangely shaped body.
Your spells are a little easier to cast, but a little less powerful.


Message History

Fire: a) +2 shortbow
Press: ? - help, Shift-Dir - straight line, f/p - jelly
Aim: a jelly (severely wounded, 91% to hit)
You shoot an arrow. The arrow hits the orc wizard!
You kill the orc wizard!
You block the phantom's attack.
Your Ranged Weapons skill increases to level 8!
Aiming: Paralyse
Press: ? - help, Q - select action, (/) - cycle Shift-Dir - straight line, f/p - jelly
Aim: a jelly (severely wounded, chance to affect: 57%)
The phantom easily resists.
The phantom hits you.
* * * LOW HITPOINT WARNING * * *
Fire: a) +2 shortbow
Press: ? - help, Shift-Dir - straight line, f/p - jelly
Aim: a jelly (severely wounded, 91% to hit)
You shoot an arrow. The arrow closely misses the phantom.
The arrow hits the orc.
The orc is moderately wounded.
The phantom hits you.
* * * LOW HITPOINT WARNING * * *
Fire: a) +2 shortbow
Press: ? - help, Shift-Dir - straight line, f/p - jelly
Aim: a jelly (severely wounded, 91% to hit)
You shoot an arrow. The arrow barely misses the phantom.
The arrow hits the orc!
You kill the orc!
The phantom hits you.
* * * LOW HITPOINT WARNING * * *
Aiming: Paralyse
Press: ? - help, Q - select action, (/) - cycle Shift-Dir - straight line, f/p - jelly
Aim: a jelly (severely wounded, chance to affect: 57%)
Okay, then.
Okay, then.
Okay, then.
It was a potion of resistance.
You feel protected. The phantom hits you.
You die...
Your body crumbles into a pile of gold.

#######.#.####.##......####
......#.#.# #.##.......... ..
..........####.##......[.### #..
.<.............................
..........................##.# #
........######.##..........$...
##....#### #.####.#..#...#.#
........ ....#.####.#........#.#
..#.#...........@WJ............#
..#....###################.#.#.#
..# $ .. ..# { ... ..####. ###
....... ...#### ..[.... ...###.


You could see a phantom and a jelly.

Vanquished Creatures
  Eustachio (D:4)
  An ogre (D:3)
  A scorpion (D:5)
  A hound (D:4)
  4 orc priests
  Jessica (D:3)
  2 iguanas
  3 orc wizards
  6 gnolls (D:3)
  3 adders
  An ufetubus (D:4)
  2 worms
  3 dart slugs
  13 orcs
  12 endoplasms
  A giant cockroach (D:1)
  8 goblins
  6 hobgoblins
  3 jackals (D:3)
  4 quokkas
  8 ball pythons
  4 bats
  5 frilled lizards
  3 kobolds
  7 rats
103 creatures vanquished.

Notes
Turn   | Place    | Note
-------+----------+-------------------------------------------
     0 | D:1      | purpskrrrp the Formicid Hunter began the quest for the Orb.
     0 | D:1      | Reached XP level 1. HP: 16/16 MP: 1/1
   161 | D:1      | Reached XP level 2. HP: 23/23 MP: 2/2
   739 | D:2      | Upgraded the game from 0.29-a0-892-g2c4c91d9db to
                  | 0.29-a0-902-g0f71de6fce
   819 | D:2      | Reached XP level 3. HP: 27/28 MP: 3/3
  1544 | D:2      | Reached skill level 5 in Ranged Weapons
  1551 | D:2      | Reached XP level 4. HP: 34/34 MP: 4/4
  1626 | D:2      | Gained mutation: Your spells are a little easier to cast,
                  | but a little less powerful. [potion of mutation]
  1626 | D:2      | Gained mutation: Armour fits poorly on your strangely
                  | shaped body. [potion of mutation]
  1766 | D:3      | Noticed Jessica
  1788 | D:3      | Killed Jessica
  1801 | D:3      | Reached XP level 5. HP: 32/39 MP: 5/5
  2026 | D:3      | Reached skill level 6 in Ranged Weapons
  2047 | D:3      | Reached XP level 6. HP: 46/46 MP: 6/6
  2327 | D:3      | Noticed an ogre
  2334 | D:3      | Killed an ogre
  2335 | D:3      | Reached XP level 7. HP: 52/52 MP: 7/7
  2527 | D:3      | Found a radiant altar of Vehumet.
  3028 | D:4      | Found Zin's Purification Station.
  3030 | D:4      | Found a glowing silver altar of Zin.
  3086 | D:4      | Reached skill level 7 in Ranged Weapons
  3564 | D:4      | Noticed Eustachio
  3574 | D:4      | Killed Eustachio
  3575 | D:4      | Reached skill level 1 in Armour
  3575 | D:4      | Reached skill level 1 in Shields
  4516 | D:5      | Entered Level 5 of the Dungeon
  4537 | D:5      | Found a staircase to the Ecumenical Temple.
  4559 | Temple   | Entered the Ecumenical Temple
  4772 | Temple   | Became a worshipper of Gozag Ym Sagoz the Greedy
  4809 | D:5      | Reached XP level 8. HP: 33/58 MP: 8/8
  5091 | D:5      | Reached skill level 8 in Ranged Weapons
  5093 | D:5      | HP: 1/58 [phantom (5)]
  5094 | D:5      | Slain by a phantom

Illustrated notes

Levels and vault maps discovered:
D:1:      dpeg_arrival_rooms_b, layout_basic
D:2:      layout_basic
D:3:      layout_loops_ring, mainiacjoe_overflow_six_doors_small, uniq_jessica
D:4:      layout_loops_ring, zin_purify, roderic_roman_lattice,
          kennysheep_nondescript, uniq_eustachio
D:5:      minmay_razor_zed, layout_basic, minmay_temple_entry_drinking_statues,
          serial_shops, kennysheep_mini_moat
Temple:   nicolae_temple_bog_church

Skill      XL: |  1  2  3  4  5  6  7  8 |
---------------+-------------------------+-----
Ranged Weapons | 5 6 7 8 |  8.0
Stealth        | 2 3 4 |  4.6
Fighting       | 3 |  3.3
Dodging        | 2 |  2.1
Armour         | 1 |  1.2
Shields        | 1 |  1.2

Action                   |  1- 3 |  4- 6 |  7- 9 || total
-------------------------+-------+-------+-------++-------
 Fire: Shortbow          |    89 |    85 |   120 ||   294
Evoke: Wand              |       |       |     2 ||     2
  Use: Scroll            |     5 |     4 |     3 ||    12
       Potion            |       |     1 |     4 ||     5
Armor: Leather armour    |     5 |     6 |     1 ||    12
Dodge: Dodged            |    11 |    30 |    39 ||    80
Block: Buckler           |     9 |    13 |    21 ||    43

Table legend: (Time is in decaauts)
 A = Elapsed time spent in this place.
 B = Non-inter-level travel time spent in this place.
 C = Inter-level travel time spent in this place.
 D = Time resting spent in this place.
 E = Time spent auto-exploring this place.
 F = Levels seen in this place.
 G = Mean time per level.
                   A        B        C        D        E       F      G
               +--------+--------+--------+--------+--------+-----+--------+
         Total |   5180 |   4950 |    230 |    999 |   3176 |   6 |  863.3 |
       Dungeon |   4949 |   4744 |    205 |    999 |   3001 |   5 |  989.8 |
        Temple |    230 |    205 |     25 |      0 |    175 |   1 |  230.0 |
               +--------+--------+--------+--------+--------+-----+--------+

Top non-repeatable levels by time:
     D:4: 1582 daAuts
     D:3: 1211 daAuts
     D:2: 1048 daAuts
     D:1: 747 daAuts
     D:5: 360 daAuts
  Temple: 230 daAuts
